 Dungeon Crawl Stone Soup version 0.26-a0-612-gd4d190f45e (webtiles) character file.

Game seed: 5665172241173288637

4 DogServant the Vexing (level 1, 10/10 HPs)
             Began as a Vampire Enchanter on Sept 10, 2020.
             Quit the game on level 1 of the Dungeon.
             The game lasted 00:01:14 (72 turns).

DogServant the Vexing (Vampire Enchanter)             Turns: 72, Time: 00:01:15

Health: 10/10      AC:  2    Str:  7    XL:     1   Next: 50%
Magic:  3/3        EV: 12    Int: 17    God:
Gold:   6          SH:  0    Dex: 14    Spells: 3/4 levels left

rFire    . . .     SeeInvis +   a - +1 dagger
rCold    + + .     Faith    .   (no shield)
rNeg     + + +     Spirit   .   b - +0 robe
rPois    ∞         Reflect  .   (no helmet)
rElec    .         Harm     .   (no cloak)
rCorr    .                      (no gloves)
MR       .....                  (no boots)
Stlth    +++++.....             (no amulet)
HPRegen  0.03/turn              (no ring)
MPRegen  0.08/turn              (no ring)

@: bloodless
A: fangs 3, see invisible, unbreathing
a: Revivify


You were on level 1 of the Dungeon.
You visited 1 branch of the dungeon, and saw 1 of its levels.

You collected 6 gold pieces.

Inventory:

Hand Weapons
 a - a +1 dagger (weapon)
Armour
 b - a +0 robe (worn)


   Skills:
 + Level 1.1 Short Blades
 + Level 2.2 Dodging
 * Level 4.5 Stealth
 + Level 2.0 Spellcasting
 + Level 4.5 Hexes


You had 3 spell levels left.
You knew the following spells:

 Your Spells              Type           Power        Failure   Level
a - Corona                Hex            ###....      3%          1

Your spell library contained the following spells:

 Spells                   Type           Power        Failure   Level
 Confusing Touch          Hex            ###.....     9%          3
 Tukima's Dance           Hex            ###.....     9%          3
 Ensorcelled Hibernation  Hex/Ice        #.....       12%         2
 Dazzling Flash           Conj/Hex       #.....       22%         3


Dungeon Overview and Level Annotations

Branches:
Dungeon (1/15)

Altars:


Innate Abilities, Weirdness & Mutations

You do not regenerate when monsters are visible.
You are frail without blood (-20% HP).
You can heal yourself when you bite living creatures.
You are immune to poison.
You have razor-sharp teeth.
You have supernaturally acute eyesight. (SInv)
You can survive without breathing.


Message History

The dart slug is heavily wounded.
You hit the dart slug but do no damage. You bite the dart slug.
The dart slug is severely wounded.
The dart slug closely misses you.
You hit the dart slug.
The dart slug is almost dead.
The dart slug barely misses you.
You hit the dart slug.
The dart slug is almost dead.
You hit the dart slug.
You kill the dart slug!
A rat comes into view.
You see here a dart slug corpse.
There is an open door here.
You start resting.
HP restored.
You begin bloodletting.
You continue bloodletting. x5
Now bloodless.
There is an open door here.
Are you sure you want to abandon this character and quit the game? (Confirm with "yes".)

#.#.#.#.#
#........
##..#..?#
#.......##
#........r
#####......###
#...#.........
+...#.†..# .##
#@..#..).+....
######'##.........
#...#...#...#.#.#.
+.⌠.'...'.........
#...#...###.#.#$#.
######'###+##
....... #...#...#
.#.#.#. +.<.'...#
....... #...#...#
######.


There were no monsters in sight!

Vanquished Creatures
  A dart slug (D:1)
  A goblin (D:1)
2 creatures vanquished.

Notes
Turn   | Place    | Note
-------+----------+-------------------------------------------
     0 | D:1      | DogServant the Vampire Enchanter began the quest for the
                  | Orb.
     0 | D:1      | Reached XP level 1. HP: 13/13 MP: 3/3
    72 | D:1      | Quit the game

Illustrated notes

Levels and vault maps discovered:
D:1:      co_arrival_random_square_maze, layout_basic, serial_glass,
          glass_columns_c, glass_columns_a, glass_columns_b, glass_columns_b,
          glass_columns_b, glass_columns_c, glass_columns_a, glass_columns_c,
          glass_columns_b, glass_columns_c, grunt_decor_arrowhead

Action                   || total
-------------------------++-------
Melee: Dagger            ||    12
       Bite              ||     2
 Abil: Exsanguinate      ||     1
Armor: Robe              ||     1
Dodge: Dodged            ||     7

Table legend: (Time is in decaauts)
 A = Elapsed time spent in this place.
 B = Non-inter-level travel time spent in this place.
 C = Inter-level travel time spent in this place.
 D = Time resting spent in this place.
 E = Time spent auto-exploring this place.
 F = Levels seen in this place.
 G = Mean time per level.
                   A        B        C        D        E       F      G
               +--------+--------+--------+--------+--------+-----+--------+
         Total |     71 |     71 |      0 |     23 |     11 |   1 |   71.0 |
       Dungeon |     71 |     71 |      0 |     23 |     11 |   1 |   71.0 |
               +--------+--------+--------+--------+--------+-----+--------+

Top non-repeatable levels by time:
     D:1: 71 daAuts
